AoeStats
← Rjscarton

Arena

505102432Analyzed
1v1 RM · 24d ago on Sep 7, 2026· 54m 9s· 2 players
Game mode
Random Map
Map size
Tiny (2 player)
Population
200
Speed
Normal
Resources
Standard
Victory
Conquest
Starting age
Dark Age
Ending age
Imperial Age
RankedLock teamsTeams togetherTeam positionsShared explorationLock speedFull tech treeHidden civsTurbo modeCheats
Victory
Defeat
🇨🇱 Bohemians · Chile
839
+15
🇺🇸 Spanish · United States
814
-15
CocoVasile
7:45 Loom
9:59 Feudal Age
10:47 Double-Bit Axe
10:44 Horse Collar
12:23 Gold Mining
16:24 Wheelbarrow
19:54 Castle Age
18:19 Stone Mining
21:28 Stone Shaft Mining
21:10 Bow Saw
24:44 Hand Cart
24:09 Pikeman
25:51 Heavy Plow
29:59 Ballistics
30:14 Ballistics
30:06 Scale Barding Armor
29:30 Man-at-Arms
29:56 Gambesons
30:12 Squires
33:24 Bloodlines
33:15 Husbandry
33:31 Padded Archer Armor
33:09 Elite Skirmisher
36:27 Imperial Age
34:10 Thumb Ring
34:51 Leather Archer Armor
36:07 Chain Barding Armor
37:00 Cavalier
38:00 Forging
38:51 Onager
41:02 Conscription
41:59 Plate Barding Armor
42:09 Murder Holes
47:05 Chemistry
46:01 Light Cavalry
46:41 Hussar
48:02 Iron Casting
51:27 Guilds
52:56 Blast Furnace
Rjscarton
10:48 Feudal Age
16:32 Castle Age
16:38 Double-Bit Axe
16:35 Horse Collar
17:46 Bow Saw
18:43 Loom
20:07 Padded Archer Armor
19:58 Fletching
23:31 Wheelbarrow
26:16 Elite Skirmisher
27:39 Town Watch
29:17 Hand Cart
29:16 Heavy Plow
29:49 Town Patrol
31:18 Leather Archer Armor
32:35 Chemistry
35:57 Imperial Age
33:44 Bodkin Arrow
34:16 Husbandry
33:37 Light Cavalry
34:32 Wagenburg Tactics
37:38 Houfnice
40:18 Conscription
40:39 Hussite Reforms
41:23 Scale Barding Armor
41:29 Forging
46:16 Ring Archer Armor
45:46 Bracer
46:10 Chain Barding Armor
46:25 Iron Casting
45:17 Elite Hussite Wagon
49:05 Blast Furnace
49:12 Two-Man Saw
48:37 Ballistics
47:59 Treadmill Crane
Connection lost

Rejoining the realm…

Still unreachable

The connection could not be restored.

Session expired

The server has moved on; the page needs a fresh start.